 Dungeon Crawl Stone Soup version 0.29-a0-757-g358383bc75 (webtiles) character file.

Game seed: 4051604283898661436

42200 zeratav the Grappler (level 13, -4/135 HPs)
             Began as a Troll Fighter on July 1, 2022.
             Was an Elder of Ru.
             Slain by a six-headed hydra (16 damage)
             ... on level 6 of the Lair of Beasts.
             The game lasted 00:25:09 (13970 turns).

zeratav the Grappler (Troll Fighter)               Turns: 13970, Time: 00:25:09

Health: -4/135     AC: -1    Str: 37    XL:     13   Next: 84%
Magic:  12/12      EV:  7    Int:  7    God:    Ru [****..]
Gold:   1134       SH: 15    Dex:  9    Spells: 12/12 levels left

rFire   x . .      SeeInvis .     - Unarmed
rCold   x . .      Faith    .   b - +0 kite shield
rNeg    . . .      Spirit   .   d - quicksilver dragon scales "Janluff" {Will+ Regen+ Int+3 Slay+5, rare}
rPois   .          Reflect  +   Q - +0 hat {Stlth+}
rElec   .          Harm     .   (no cloak)
rCorr   .          Rampage  .   (gloves unavailable)
Will    +....                   (boots unavailable)
Stlth   +.........              R - amulet of reflection
HPRegen 1.92/turn               U - +4 ring of evasion
MPRegen 0.13/turn               I - +6 ring of strength

@: corroded
A: large, unfitting armour, claws 3, regeneration 1, shaggy fur 1, tough skin 1,
inability to train armour, reduced EV 1, temperature sensitive
a: Renounce Religion, Draw Out Power, Power Leap


You were on level 6 of the Lair of Beasts.
You worshipped Ru.
Ru was greatly pleased with you.
You visited 3 branches of the dungeon, and saw 19 of its levels.
You also visited: Ossuary.

You collected 1239 gold pieces.
You spent 105 gold pieces at shops.


Innate Abilities, Weirdness & Mutations

You are too large for most types of armour.
You have claws for hands.
Your natural rate of healing is unusually fast.
You are covered in fur. (AC +1)
You have tough skin. (AC +1)
You cannot train Armour skill.
You have somewhat slow reflexes. (EV -5)
You are sensitive to extremes of temperature. (rF-, rC-)


   Skills:
 + Level 10.7 Fighting
 + Level 11.2 Throwing
 - Level 2.4 Dodging
 + Level 11.6 Shields
 + Level 12.6 Unarmed Combat


You had 12 spell levels left.
You didn't know any spells.
Your spell library contained the following spells:

 Spells                   Type           Power      Damage    Failure   Level
 Foxfire                  Conj/Fire      0%         2x1d4     73%         1
 Necrotize                Necr           0%         1d4       73%         1
 Poisonous Vapours        Pois/Air       0%         N/A       86%         2
 Scorch                   Fire           0%         2d5       86%         2
 Confusing Touch          Hex            0%         N/A       97%         3
 Conjure Flame            Conj/Fire      0%         6-21      97%         3
 Inner Flame              Hex/Fire       0%         N/A       97%         3
 Vampiric Draining        Necr           0%         2d6       97%         3
 Anguish                  Hex/Necr       0%         N/A       100%        4
 Corpse Rot               Necr/Pois/Air  0%         N/A       100%        4
 Flame Wave               Conj/Fire      0%         2d4       100%        4
 Summon Ice Beast         Ice/Summ       0%         N/A       100%        4
 Agony                    Necr           0%         N/A       100%        5
 Summon Mana Viper        Hex/Summ       0%         N/A       100%        5
 Yara's Violent Unravell  Hex/Tmut       0%         3d3       100%        5
 Summon Cactus Giant      Summ           0%         N/A       100%        6
 Enfeeble                 Hex            0%         N/A       100%        7
 Monstrous Menagerie      Summ           0%         N/A       100%        7

Inventory:

Hand Weapons
 S - a +0 double sword {longrare=g}
   (You took it off Urug on level 4 of the Lair of Beasts)
Missiles
 A - 18 boomerangs (quivered) {throwing}
 W - 6 silver javelins {throwing}
Armour
 b - a +0 kite shield (worn)
 d - the quicksilver dragon scales "Janluff" (worn) {Will+ Regen+ Int+3 Slay+5, rare}
   (You acquired it on level 2 of the Dungeon)

   Int:       It affects your intelligence (+3).
   Slay:      It affects your accuracy & damage with ranged weapons and melee
   (+5).
   Regen:     It increases your rate of health regeneration.
   Will:      It increases your willpower.
 Q - a +0 hat of stealth (worn)
   (You took it off Gastronok on level 10 of the Dungeon)
Jewellery
 s - a ring of protection from fire
   (You found it on level 7 of the Dungeon)
 I - a +6 ring of strength (right claw)
   (You found it on level 6 of the Dungeon)
 K - a +6 ring of dexterity
   (You found it on level 6 of the Dungeon)
 M - a ring of protection from fire
   (You found it on level 7 of the Dungeon)
 R - an amulet of reflection (around neck)
   (You took it off a kobold on level 10 of the Dungeon)
 U - a +4 ring of evasion (left claw)
   (You found it on level 2 of the Lair of Beasts)
Wands
 u - a wand of quicksilver (8)
   (You took it off Natasha on level 2 of the Dungeon)
 z - a wand of iceblast (14)
   (You found it on level 3 of the Dungeon)
 D - a wand of paralysis (13)
   (You found it on level 5 of the Dungeon)
 J - a wand of flame (6)
   (You took it off Maggie on level 6 of the Dungeon)
 T - a wand of mindburst (8)
   (You found it on level 2 of the Lair of Beasts)
Scrolls
 e - 6 scrolls of enchant armour
 g - a scroll of fear
 j - 6 scrolls of enchant weapon
 l - 5 scrolls of fog
 o - 9 scrolls of teleportation {@r4}
 p - 6 scrolls of vulnerability {!r!r}
 w - 3 scrolls of immolation {!r!r}
 y - 2 scrolls of poison {!r}
 B - 4 scrolls of amnesia
 C - 2 scrolls of torment {!r}
 E - a scroll of summoning
 H - 2 scrolls of magic mapping {!r}
 N - 2 scrolls of silence {!r}
 O - 3 scrolls of blinking {!r}
 Z - a scroll of identify {@r1}
Potions
 a - 2 potions of berserk rage {unknown}
 c - 5 potions of might
 f - 6 potions of lignification {unknown}
 i - a potion of resistance {unknown}
 k - 5 potions of haste {unknown}
 m - 9 potions of flight {unknown}
 n - 8 potions of heal wounds {unknown}
 r - 10 potions of curing {@q1}
 t - a potion of invisibility {unknown}
 v - 4 potions of attraction {unknown}
 x - 2 potions of ambrosia {unknown}
 F - a potion of cancellation {unknown}
 L - a potion of brilliance {unknown}
 P - 3 potions of degeneration {unknown}
 X - a potion of magic {unknown}
Miscellaneous
 V - a phial of floods
   (You found it on level 2 of the Lair of Beasts)
 Y - a tin of tremorstones (2/2) {throwing}
   (You found it on level 4 of the Lair of Beasts)

Dungeon Overview and Level Annotations

Branches:
Dungeon (12/15) Zot: 25122  Temple (1/1) D:5 Zot: 5888    Lair (6/6) D:8 Zot: 26649
 Shoals (0/4) Lair:4       Spider (0/4) Lair:3        Slime (0/5) Lair:6
    Orc (0/2) D:10        Ossuary (visited)

Altars:
Ashenzari
Cheibriados
Dithmenos
Elyvilon
Fedhas
Gozag
Hepliaklqana
Kikubaaqudgha
Makhleb
Nemelex Xobeh
Okawaru
Qazlal
Ru
Trog
Vehumet
Wu Jian
Xom
Yredelemnul
Zin
The Shining One

Shops:
D:2 :*!?   D:3 (   D:12 *

Annotations:
D:6 2 transporters, zhov's ghost, novice DsFi
D:10 3 runed translucent doors, zhov's ghost, novice DsFi
D:12 Lodul
Lair:3 2 runed translucent doors, Brotato's ghost, journeyman GnFE

##............###
##..........##
#............#
#..#......JP##
..P........P#
..........J##
.........JJ#
..#.....##D#
P≈≈.........####@#
≈≈≈... .PP.# ###
≈≈≈...#....
≈P.P.≈...#
≈P≈...P#.# ###
P.P.P....######P###
....P≈P#...P#...#.##
.P≈.§..†..........P#
####≈≈...........###


You could see a six-headed hydra and 4 jellies.


Message History

The yak gores the bush but does no damage.
The yak gores the plant! x2; The yak closely misses you.
HP[-1]
You take 1 damage, and now have 52/135 hp.
You claw the yak!
You kill the yak!
Your surroundings suddenly seem different. 4 jellies come into view.
Found a staircase to the Slime Pits.
The jelly quivers.
HP[+2]
You regained 2 hp, and now have 54/135 hp.
A jelly and a six-headed hydra come into view.
The six-headed hydra roars!
HP[+2]
You regained 2 hp, and now have 56/135 hp.
HP[+2]
You regained 2 hp, and now have 58/135 hp.
The jelly quivers. x2
HP[+2]
You regained 2 hp, and now have 60/135 hp. 4 jellies come into view.
The jelly quivers. x3
HP[+2]
You regained 2 hp, and now have 62/135 hp.
A jelly comes into view.
The jelly hits you.
* * * LOW HITPOINT WARNING * * *
The acid corrodes you!
You are splashed with acid!
* * * LOW HITPOINT WARNING * * *
HP[-11]
You take 11 damage, and now have 51/135 hp.
The jelly attacks as you move away! The jelly completely misses you.
The jelly quivers.
The jelly jiggles.
HP[+2]
You regained 2 hp, and now have 53/135 hp.
You block the jelly's attack.
HP[+2]
You regained 2 hp, and now have 55/135 hp.
HP[+2]
You regained 2 hp, and now have 57/135 hp.
The jelly attacks as you move away! The jelly hits you.
* * * LOW HITPOINT WARNING * * *
You are splashed with acid!
* * * LOW HITPOINT WARNING * * *
The jelly attacks as you move away! You block the jelly's attack.
HP[-9]
You take 9 damage, and now have 48/135 hp.
HP[+2]
You regained 2 hp, and now have 50/135 hp.
HP[+2]
You regained 2 hp, and now have 52/135 hp.
The jelly attacks as you move away! The jelly barely misses you.
HP[+2]
You regained 2 hp, and now have 54/135 hp.
The jelly attacks as you move away!
You redirect the jelly's attack!
The jelly hits the jelly.
HP[+2]
You regained 2 hp, and now have 56/135 hp.
The jelly attacks as you move away! You block the jelly's attack.
The jelly jiggles.
HP[+2]
You regained 2 hp, and now have 58/135 hp.
The jelly jiggles.
HP[+2]
You regained 2 hp, and now have 60/135 hp.
The jelly attacks as you move away! The jelly hits you.
* * * LOW HITPOINT WARNING * * *
You are splashed with acid!
* * * LOW HITPOINT WARNING * * *
HP[-9]
You take 9 damage, and now have 51/135 hp.
You eviscerate the jelly!!!
You kill the jelly!
HP[+1] Throw: 18 boomerangs {throwing}
Press: ? - help, Q - select action, (/) - cycle Shift-Dir - straight line, f - jelly
Aim: a jelly (92% to hit)
You throw a boomerang {throwing}.
The boomerang {throwing} hits the jelly.
HP[+2]
You regained 2 hp, and now have 54/135 hp.
You mangle the jelly!!
You kill the jelly!
HP[+2]
You regained 2 hp, and now have 56/135 hp.
You claw the jelly!
You kill the jelly!
HP[+1]
You scratch the six-headed hydra but do no damage.
The six-headed hydra bites you!
* * * LOW HITPOINT WARNING * * *
The six-headed hydra bites you!
* * * LOW HITPOINT WARNING * * *
The six-headed hydra bites you!
* * * LOW HITPOINT WARNING * * *
You block the six-headed hydra's attack.
The six-headed hydra bites you!
You die...

Skill      XL: |  1  2  3  4  5  6  7  8  9 10 11 12 13 |
---------------+----------------------------------------+-----
Unarmed Combat | 3 4 5 6 7 9 10 11 12 | 12.6
Shields        | 3 4 5 7 8 9 10 11 | 11.6
Throwing       | 1 2 3 5 6 7 9 10 11 | 11.2
Fighting       | 3 4 5 6 7 8 9 10 | 10.7
Dodging        | |  2.4

Action                   |  1- 3 |  4- 6 |  7- 9 | 10-12 | 13-15 || total
-------------------------+-------+-------+-------+-------+-------++-------
Melee: Unarmed           |   104 |    97 |   299 |   419 |   274 ||  1193
Throw: Boomerang         |       |       |       |    76 |    23 ||    99
Invok: Sacrifice Durabil |       |       |     1 |       |       ||     1
       Sacrifice Health  |       |       |     1 |       |       ||     1
       Sacrifice Resista |       |       |       |     1 |       ||     1
       Reject Sacrifices |       |       |       |     1 |       ||     1
Evoke: Wand              |       |     2 |       |     7 |       ||     9
  Use: Scroll            |     4 |     1 |     8 |     4 |     4 ||    21
 Stab: Sleeping          |     1 |       |       |     1 |       ||     2
       Invisible         |       |       |       |     6 |     1 ||     7
       Distracted        |       |       |       |     1 |     1 ||     2
Armor: Robe              |    29 |       |       |       |       ||    29
       Quicksilver drago |       |    57 |   159 |   112 |    59 ||   387
Dodge: Dodged            |    35 |    40 |    86 |    64 |    49 ||   274
Block: Kite shield       |    26 |    43 |   154 |   276 |   165 ||   664

Levels and vault maps discovered:
D:1:      spicycebolla_arrival_risky_transporter, layout_loops_ring
D:2:      layout_basic, serial_shops, shop, shop_coins,
          nicolae_shop_temple_entry_statues_fountains, nicolae_shop_stone,
          shapermc_ecumenical_altar_acropolis, basic_altar, uniq_natasha
D:3:      layout_basic, nicolae_overflow_hidden_temple,
          nicolae_overflow_ecumenical_swirl, serial_curves, eino_curves_02,
          eino_curves_01, serial_shops, nicolae_shop_hallway_plus,
          kennysheep_big_empty_room
D:4:      layout_basic, nicolae_overflow_squiral, minmay_misc_feat_columns
D:5:      layout_cave_pools, minmay_temple_entry_junction, serial_park,
          serial_park_fountain, serial_park_gazebo
          [serial_park_minivault_5x5_4], serial_park_tiny_2, serial_park_tiny_2,
          serial_park_tiny_2, uniq_blork_the_orc
D:6:      layout_basic, gammafunk_ghost_smash, chequers_serial_rivers_micro_e,
          serial_park_tiny_1, uniq_maggie, uniq_edmund
D:7:      layout_cave_pods, trog_hazing_becter
D:8:      layout_basic, lair_entry_dummy, enter_ossuary_3
D:9:      layout_basic, kennysheep_mini
D:10:     layout_loops_corners, kennysheep_orc_monster_closet_entryway,
          serial_glass, glass_columns_a, glass_columns_a, gammafunk_ghost_icy,
          uniq_gastronok, uniq_harold, uniq_josephine
D:11:     minmay_tile_spiral, layout_basic, tso_oasis_becter
D:12:     nicolae_BIG_FREAKIN_CUBE, layout_stronghold, serial_shops,
          shop_fountains, nicolae_water_bricks, minivault_16, uniq_lodul
Temple:   compressed_dpeg_triangle_lava_temple
Lair:1:   wander_river, layout_small_grid, serial_bayou_lagoon_b,
          serial_bayou_shore_b, uniq_erica
Lair:2:   nzn_winding_woodlands_medium [nzn_winding_woodlands_5x5_default,
          nzn_winding_woodlands_5x15_twine,
          nzn_winding_woodlands_5x5_closed_star,
          nzn_winding_woodlands_5x5_cross, nzn_winding_woodlands_center_garden,
          nzn_winding_woodlands_5x5_three,
          nzn_winding_woodlands_5x5_checkerboard,
          nzn_winding_woodlands_5x15_sawtooth,
          nzn_winding_woodlands_5x5_open_star], layout_regular_city,
          beast_lair_carwin_2
Lair:3:   gammafunk_lair_enchanted_lake, layout_loops_ring,
          nicolae_spider_entry_tight_spaces, gammafunk_ghost_grave,
          serial_bayou_pond_d
Lair:4:   layout_cellular_growth, elwin_shoals_entry_stream, uniq_urug
Lair:5:   layout_loops_ring, chequers_serial_rivers_large_b, worms_lemuel,
          grunt_megastairs_3
Lair:6:   minmay_lair_end_frog_pond, layout_gridlike,
          minmay_slime_entry_jelly_boxes

Notes
Turn   | Place    | Note
-------+----------+-------------------------------------------
     0 | D:1      | zeratav the Troll Fighter began the quest for the Orb.
     0 | D:1      | Reached XP level 1. HP: 22/22 MP: 0/0
     0 | D:1      | magus.rc [v1.9.6]
   168 | D:1      | Reached XP level 2. HP: 29/29 MP: 1/1
   310 | D:1      | Reached skill level 3 in Unarmed Combat
   435 | D:1      | Reached XP level 3. HP: 36/36 MP: 2/2
   750 | D:2      | Found an opulent altar of Gozag.
   763 | D:2      | Found Yxkitt's Assorted Antiques.
   778 | D:2      | Found Deluug's Book Boutique.
   859 | D:2      | Found Zigof's Magic Scroll Boutique.
   890 | D:2      | Bought a scroll of identify for 22 gold pieces
   890 | D:2      | Bought a scroll of identify for 22 gold pieces
   890 | D:2      | Bought a scroll of identify for 22 gold pieces
   890 | D:2      | Identified a scroll of acquirement
   924 | D:2      | Reached skill level 3 in Shields
   932 | D:2      | Found a faded altar of an unknown god.
  1025 | D:2      | Found Cecval's Distillery.
  1025 | D:2      | Noticed Natasha
  1035 | D:2      | Killed Natasha
  1036 | D:2      | Reached skill level 1 in Throwing
  1036 | D:2      | Reached XP level 4. HP: 17/44 MP: 3/3
  1036 | D:2      | Acquired the quicksilver dragon scales "Janluff" {Will+
                  | Regen+ Int+3 Slay+5}
  1037 | D:2      | d - the quicksilver dragon scales "Janluff" {Will+ Regen+
                  | Int+3 Slay+5, rare}
  1048 | D:2      | You finish putting on the quicksilver dragon scales
                  | "Janluff" {Will+ Regen+ Int+3 Slay+5, rare}.
  1054 | D:2      | Noticed Natasha
  1057 | D:2      | Killed Natasha
  1066 | D:2      | Bought a potion of curing for 39 gold pieces
  1215 | D:2      | Noticed Natasha
  1222 | D:2      | Killed Natasha
  1223 | D:2      | Reached skill level 3 in Fighting
  1253 | D:3      | You pick up a book of Necromancy and begin reading...
  1253 | D:3      | You add the spells Necrotize, Vampiric Draining and Agony
                  | to your library.
  1273 | D:3      | Reached XP level 5. HP: 53/53 MP: 4/4
  1290 | D:3      | Found a basalt altar of Yredelemnul.
  1355 | D:3      | You pick up a book of Misfortune and begin reading...
  1355 | D:3      | You add the spells Confusing Touch, Yara's Violent
                  | Unravelling and Enfeeble to your library.
  1383 | D:3      | Found an opulent altar of Gozag.
  1442 | D:3      | Found a faded altar of an unknown god.
  1445 | D:3      | Found a blossoming altar of Fedhas.
  1743 | D:3      | Found Finifi's Weapon Shoppe.
  1911 | D:4      | Found an ancient bone altar of Kikubaaqudgha.
  1912 | D:4      | Found a broken altar of Ashenzari.
  1958 | D:4      | Noticed an ogre
  1966 | D:4      | Killed an ogre
  1967 | D:4      | Reached skill level 2 in Throwing
  1967 | D:4      | Reached skill level 4 in Unarmed Combat
  1996 | D:4      | Reached XP level 6. HP: 61/61 MP: 5/5
  2048 | D:4      | Reached skill level 4 in Shields
  2148 | D:4      | Reached XP level 7. HP: 32/68 MP: 6/6
  2991 | D:5      | Entered Level 5 of the Dungeon
  2992 | D:5      | Found a white marble altar of Elyvilon.
  3054 | D:5      | Reached skill level 3 in Throwing
  3125 | D:5      | Noticed Blork the orc
  3132 | D:5      | Killed Blork the orc
  3133 | D:5      | Reached skill level 4 in Fighting
  3172 | D:5      | Reached skill level 5 in Unarmed Combat
  3185 | D:5      | Found a staircase to the Ecumenical Temple.
  3208 | Temple   | Entered the Ecumenical Temple
  3310 | Temple   | Became a worshipper of Ru the Awakened
  3408 | D:5      | Reached XP level 8. HP: 79/79 MP: 7/7
  3578 | D:6      | Reached skill level 4 in Throwing
  3578 | D:6      | Reached skill level 5 in Shields
  3804 | D:6      | Noticed Edmund
  3807 | D:6      | Killed Edmund
  3845 | D:6      | Noticed Maggie
  3862 | D:6      | Killed Maggie
  3863 | D:6      | Reached skill level 5 in Fighting
  3863 | D:6      | Reached skill level 6 in Unarmed Combat
  4063 | D:6      | Noticed zhov's ghost (novice DsFi)
  4064 | D:6      | Found a transporter.
  4074 | D:6      | Found a transporter.
  4252 | D:6      | Reached skill level 5 in Throwing
  4609 | D:7      | Gained mutation: You cannot train Armour skill. [Ru
                  | sacrifice]
  4609 | D:7      | Reached * piety under Ru
  4659 | D:7      | Reached XP level 9. HP: 88/88 MP: 8/8
  4743 | D:7      | Found a bloodstained altar of Trog.
  4802 | D:7      | Reached skill level 6 in Shields
  4994 | D:7      | Reached skill level 7 in Unarmed Combat
  5240 | D:7      | Reached skill level 6 in Fighting
  5688 | D:8      | Reached skill level 6 in Throwing
  5720 | D:8      | Found a sand-covered staircase.
  5732 | Ossuary  | Entered an ossuary
  6054 | D:8      | Gained mutation: You have somewhat slow reflexes. (EV -5)
                  | [Ru sacrifice]
  6054 | D:8      | Reached ** piety under Ru
  6177 | D:8      | Found a staircase to the Lair.
  6319 | D:9      | Found a burning altar of Makhleb.
  6454 | D:9      | Noticed a two-headed ogre
  6458 | D:9      | Reached skill level 7 in Shields
  6462 | D:9      | Killed a two-headed ogre
  6463 | D:9      | Reached XP level 10. HP: 92/100 MP: 9/9
  6579 | D:9      | You fall into a shaft and drop 3 floors!
  6608 | D:12     | Noticed Lodul
  6623 | D:12     | Found Fipilay's General Store.
  6633 | D:10     | Entered Level 10 of the Dungeon
  6633 | D:10     | Noticed Harold
  6636 | D:10     | Reached skill level 8 in Unarmed Combat
  6640 | D:10     | HP: 23/96 [Harold/+0 short sword (3)]
  6700 | D:10     | Killed Harold
  6707 | D:10     | Reached skill level 7 in Throwing
  6738 | D:10     | Noticed zhov's ghost (novice DsFi)
  6747 | D:10     | Reached skill level 7 in Fighting
  6763 | D:10     | Noticed Gastronok
  7045 | D:9      | You pick up a book of Flames and begin reading...
  7045 | D:9      | You add the spells Foxfire, Conjure Flame, Inner Flame and
                  | Flame Wave to your library.
  7261 | D:10     | Identified the +10 spear of Disgust {flame, rC+ Dex+3}
  7297 | D:10     | Found a runed translucent gate.
  7297 | D:10     | Found a runed translucent gate.
  7297 | D:10     | Found a runed translucent gate.
  7343 | D:10     | Noticed Josephine
  7371 | D:10     | Killed Josephine
  7372 | D:10     | Reached skill level 8 in Shields
  7536 | D:10     | Killed Gastronok
  7537 | D:10     | Reached skill level 9 in Unarmed Combat
  7537 | D:10     | Reached XP level 11. HP: 110/110 MP: 10/10
  7565 | D:10     | Found a staircase to the Orcish Mines.
  7816 | D:10     | Reached skill level 8 in Throwing
  7867 | D:10     | Gained mutation: You are sensitive to extremes of
                  | temperature. (rF-, rC-) [Ru sacrifice]
  7867 | D:10     | Reached *** piety under Ru
  7867 | D:10     | Reached **** piety under Ru
  8231 | D:10     | Reached skill level 8 in Fighting
  8354 | D:11     | Noticed a seven-headed hydra
  8360 | D:11     | HP: 26/111 [seven-headed hydra (8)]
  8361 | D:11     | Killed a seven-headed hydra
  8499 | Lair:1   | Entered Level 1 of the Lair of Beasts
  8613 | Lair:1   | You pick up a book of Vapours and begin reading...
  8613 | Lair:1   | You add the spells Poisonous Vapours and Corpse Rot to your
                  | library.
  8633 | Lair:1   | Reached skill level 9 in Shields
  8705 | Lair:1   | Noticed an eight-headed hydra
  8712 | Lair:1   | Killed an eight-headed hydra
  8713 | Lair:1   | Reached skill level 10 in Unarmed Combat
  8773 | Lair:1   | Noticed a six-headed hydra
  8782 | Lair:1   | Killed a six-headed hydra
  8851 | Lair:1   | Noticed a five-headed hydra
  8862 | Lair:1   | HP: 28/113 [five-headed hydra (13)]
  8864 | Lair:1   | Killed a five-headed hydra
  8865 | Lair:1   | HP: 2/113 [cane toad (20)]
  8883 | Lair:1   | Reached skill level 9 in Throwing
  8889 | Lair:1   | Reached XP level 12. HP: 48/122 MP: 11/11
  9022 | Lair:1   | Noticed Erica
  9049 | Lair:1   | Killed Erica
  9578 | Lair:2   | Reached skill level 9 in Fighting
  9911 | Lair:2   | Reached skill level 10 in Shields
 10047 | Lair:2   | Reached skill level 11 in Unarmed Combat
 10637 | Lair:3   | Reached skill level 10 in Throwing
 10672 | Lair:3   | Found a hole to the Spider Nest.
 10831 | Lair:3   | Found a runed translucent door.
 10831 | Lair:3   | Noticed Brotato's ghost (journeyman GnFE)
 10981 | Lair:3   | Noticed a six-headed hydra
 11011 | Lair:3   | Killed a six-headed hydra
 11411 | Lair:3   | Noticed a catoblepas
 11411 | Lair:3   | Noticed a catoblepas
 11431 | Lair:3   | Found a runed translucent door.
 11536 | Lair:3   | Reached XP level 13. HP: 112/133 MP: 12/12
 11576 | Lair:3   | You pick up a book of Maledictions and begin reading...
 11805 | Lair:4   | You pick up a book of Beasts and begin reading...
 11805 | Lair:4   | You add the spells Summon Ice Beast, Summon Mana Viper and
                  | Monstrous Menagerie to your library.
 12016 | Lair:4   | Noticed Urug
 12025 | Lair:4   | Killed Urug
 12027 | Lair:4   | S - a +0 double sword {longrare=g}
 12036 | Lair:4   | Reached skill level 10 in Fighting
 12155 | Lair:4   | Found a staircase to the Shoals.
 12673 | Lair:4   | Reached skill level 11 in Shields
 12683 | Lair:4   | You pick up a book of Scorching and begin reading...
 12683 | Lair:4   | You add the spells Scorch and Summon Cactus Giant to your
                  | library.
 12862 | Lair:5   | Reached skill level 12 in Unarmed Combat
 12979 | Lair:5   | HP: 33/133 [poisoned by a black mamba]
 13609 | Lair:6   | Entered Level 6 of the Lair of Beasts
 13616 | Lair:6   | Reached skill level 11 in Throwing
 13949 | Lair:6   | Found a staircase to the Slime Pits.
 13970 | Lair:6   | HP: 29/135 [six-headed hydra (12)]
 13970 | Lair:6   | HP: 12/135 [six-headed hydra (17)]
 13970 | Lair:6   | Slain by a six-headed hydra

Vanquished Creatures
  Gastronok (D:10)
  Josephine (D:10)
  Erica (Lair:1)
  Harold (D:10)
  8 hydras
  A boulder beetle (Lair:5)
  A two-headed ogre (D:9)
  Urug (Lair:4)
  3 merfolk sirens (Lair:4)
  An elephant (Lair:2)
  A moth of wrath (Lair:5)
  7 black mambas
  2 torpor snails
  Maggie (D:6)
  13 cane toads
  A demonic crawler (Lair:5)
  4 rime drakes
  9 komodo dragons
  A merfolk (Lair:4)
  A troll (D:10)
  2 polar bears
  A tyrant leech (Lair:6)
  4 dream sheep (Lair:5)
  18 blink frogs
  3 jumping spiders (Lair:3)
  3 culicivoras (Lair:3)
  33 yaks
  4 wyverns
  4 wraiths
  A basilisk (Lair:1)
  5 vampire mosquitoes
  3 redbacks (Lair:3)
  Edmund (D:6)
  A swamp worm (Lair:5)
  14 water moccasins
  6 orc warriors
  An ice beast (D:8)
  A sky beast (D:7)
  3 black bears
  11 wolves
  2 centaurs
  4 ogres
  Blork the orc (D:5)
  An elf zombie (Ossuary)
  17 bullfrogs
  5 kobold brigands
  A necrophage (D:4)
  2 gnoll sergeants
  4 scorpions
  12 wights
  3 electric eels (Lair:1)
  4 howler monkeys
  A centaur zombie (Ossuary)
  5 hounds
  4 jellies
  2 human zombies (Ossuary)
  7 orc priests
  Natasha (thrice) (D:2)
  An iguana (D:5)
  11 orc wizards
  2 mummies (Ossuary)
  14 gnolls
  7 adders
  A shadow imp (D:6)
  4 white imps
  2 ufetubi (D:4)
  2 adder zombies (Ossuary)
  3 worms
  3 dart slugs
  32 orcs
  10 endoplasms
  5 giant cockroaches
  13 goblins
  7 hobgoblins
  19 kobolds
  A quokka (D:1)
  2 ball pythons
  6 bats
  3 frilled lizards
  A goblin zombie (Ossuary)
  14 hobgoblin zombies (Ossuary)
  3 jackal zombies (Ossuary)
  3 kobold zombies (Ossuary)
  9 orc zombies (Ossuary)
  6 rats
  A rat zombie (Ossuary)
441 creatures vanquished.

Vanquished Creatures (others)
  A yak (D:10)
  A swamp worm (Lair:5)
  3 bushes
  56 fungi
  129 plants
  6 toadstools (Lair:3)
  2 withered plants (Lair:3)
198 creatures vanquished.

Grand Total: 639 creatures vanquished

Table legend:
 A = Non-vault XP
 B = Vault XP
 C = Vault XP percentage of total XP
 D = Non-vault monster count
 E = Vault monster count
 F = Vault count percentage of total count
                 A         B        C        D         E       F
            +---------+---------+-------+---------+---------+-------
      Total |   37535 |   22752 |  37.7 |     303 |     139 |  31.4
            +---------+---------+-------+---------+---------+-------
        D:1 |      49 |       0 |   0.0 |      27 |       0 |   0.0
        D:2 |     100 |      37 |  27.0 |      11 |       1 |   8.3
        D:3 |      62 |       0 |   0.0 |      16 |       0 |   0.0
        D:4 |     493 |       0 |   0.0 |      30 |       0 |   0.0
        D:5 |     707 |     100 |  12.4 |      13 |       1 |   7.1
        D:6 |     531 |     558 |  51.2 |      11 |       2 |  15.4
        D:7 |    1528 |      12 |   0.8 |      27 |       6 |  18.2
        D:8 |     611 |       0 |   0.0 |      26 |       0 |   0.0
        D:9 |    1393 |       0 |   0.0 |      13 |       0 |   0.0
       D:10 |    2854 |    5230 |  64.7 |      25 |      26 |  51.0
       D:11 |     858 |       0 |   0.0 |       1 |       0 |   0.0
     Lair:1 |    8777 |     860 |   8.9 |      32 |       1 |   3.0
     Lair:2 |    1702 |    5257 |  75.5 |       9 |      23 |  71.9
     Lair:3 |    3031 |    3454 |  53.3 |      14 |      12 |  46.2
     Lair:4 |    3935 |    2544 |  39.3 |      10 |       5 |  33.3
     Lair:5 |    7288 |    1198 |  14.1 |      26 |       5 |  16.1
     Lair:6 |    3616 |    3193 |  46.9 |      12 |      18 |  60.0
    Ossuary |       0 |     309 | 100.0 |       0 |      39 | 100.0
            +---------+---------+-------+---------+---------+-------

Illustrated notes

Table legend:
 A = Kills in this place as a percentage of kills in entire the game.
 B = Kills by you in this place as a percentage of kills by you in the entire game.
 C = Kills by friends in this place as a percentage of kills by friends in the entire game.
 D = Other kills in this place as a percentage of other kills in the entire game.
 E = Experience gained in this place as a percentage of experience gained in the entire game.
 F = Experience gained in this place divided by the number of levels of this place that you have seen.
                   A       B       C       D       E      F
               +-------+-------+-------+-------+-------+----------------------
         Total | 100.0 | 100.0 |   N/A | 100.0 | 100.0 | 3014.4
       Dungeon |  53.4 |  53.4 |   N/A |  50.0 |  25.1 | 1260.2
          Lair |  37.8 |  37.7 |   N/A |  50.0 |  74.4 | 7475.8
       Ossuary |   8.8 |   8.9 |   N/A |   0.0 |   0.5 | 309.0
               +-------+-------+-------+-------+-------+----------------------

Table legend: (Time is in decaauts)
 A = Elapsed time spent in this place.
 B = Non-inter-level travel time spent in this place.
 C = Inter-level travel time spent in this place.
 D = Time resting spent in this place.
 E = Time spent auto-exploring this place.
 F = Levels seen in this place.
 G = Mean time per level.
                   A        B        C        D        E       F      G
               +--------+--------+--------+--------+--------+-----+--------+
         Total |  14052 |  13245 |    807 |    297 |  10229 |  20 |  702.6 |
       Dungeon |   8196 |   7604 |    592 |    205 |   5907 |  12 |  683.0 |
        Temple |    111 |     87 |     24 |      0 |     78 |   1 |  111.0 |
          Lair |   5530 |   5340 |    190 |     92 |   4135 |   6 |  921.7 |
       Ossuary |    213 |    213 |      0 |      0 |    109 |   1 |  213.0 |
               +--------+--------+--------+--------+--------+-----+--------+

Top non-repeatable levels by time:
    D:10: 1295 daAuts
  Lair:3: 1277 daAuts
     D:4: 1187 daAuts
  Lair:1: 1049 daAuts
     D:6: 1041 daAuts
  Lair:2: 999 daAuts
  Lair:4: 982 daAuts
     D:7: 969 daAuts
  Lair:5: 871 daAuts
     D:1: 733 daAuts
     D:9: 730 daAuts
     D:3: 564 daAuts
     D:8: 544 daAuts
     D:2: 522 daAuts
     D:5: 451 daAuts
